 Dungeon Crawl Stone Soup version 0.31-a0-188-g5e087ee2ca (webtiles) character file.

Game seed: 13442534607754630826

954 qw the Skirmisher (level 7, 0/40 HPs)
             Began as a Deep Elf Hunter on June 22, 2023.
             Slain by a gnoll
             ... wielding a +0 club
              (8 damage)
             ... on level 5 of the Dungeon.
             The game lasted 00:02:38 (5552 turns).

qw the Skirmisher (Deep Elf Hunter)                 Turns: 5552, Time: 00:02:38

Health: 0/40       AC:  5    Str: 10    XL:     7   Next: 91%
Magic:  9/9        EV: 11    Int: 14    God:
Gold:   223        SH:  0    Dex: 18    Spells: 6/6 levels left

rFire   . . .        Y - +1 longbow (flame)
rCold   . . .        (shield currently unavailable)
rNeg    . . .        d - +0 ring mail
rPois   .            (no helmet)
rElec   .            (no cloak)
rCorr   .            (no gloves)
SInv    .            (no boots)
Will    .....        (no amulet)
Stlth   +            (no ring)
HPRegen 0.26/turn    (no ring)
MPRegen 0.11/turn

%: no passive effects
@: lethally poisoned (0 -> -5)
A: no striking features
a: no special abilities


You were on level 5 of the Dungeon.
You visited 2 branches of the dungeon, and saw 7 of its levels.

You collected 223 gold pieces.


   Skills:
 - Level 2.8 Fighting
 - Level 12.1 Ranged Weapons
 + Level 0.6 Armour
 - Level 3.0 Dodging
 - Level 1.2 Stealth


You had 6 spell levels left.
You didn't know any spells.
Your spell library was empty.

Inventory:

Hand Weapons
 Y - a +1 longbow of flaming (weapon)
Armour
 d - a +0 ring mail (worn)
Scrolls
 a - a scroll of identify
Potions
 b - a potion of heal wounds
 c - a potion of haste
 e - a potion of ambrosia {unknown}
 f - a potion of mutation
 g - a potion of enlightenment {unknown}
 h - a potion of curing {unknown}

Dungeon Overview and Level Annotations

Branches:
Dungeon (6/15)             Temple (1/1) D:4

Altars:
Ashenzari
Cheibriados
Elyvilon
Fedhas
Gozag
Hepliaklqana
Kikubaaqudgha
Qazlal
Ru
Sif Muna
Trog
Uskayaw
Vehumet
Wu Jian
Xom
Zin
The Shining One

Annotations:
D:4 3 runed translucent doors, qw's ghost, novice DEHu
D:5 1 runed translucent door, Crazy Yiuf


Message History

Enter note:
Enter note:
Enter note:
Enter note:
Enter note: Crazy Yiuf shouts!
There is an open door here.
There is an escape hatch in the ceiling here.
There is an open door here.
Could not explore, unopened runed door.
(D) Dungeon (T) Temple
Where to? (* - list waypoints, Enter - D:5, ? - help)
What level of the Dungeon? (default 1, ? - help)
There is a stone staircase leading down here.
You climb downwards.
The gnoll shouts!
The water moccasin hisses angrily.
The gnoll shouts! x2
Found a leather armour.
Found a stone staircase leading down and a stone staircase leading up.
There is a stone staircase leading up here.
There are monsters nearby!
Waypoint 6 assigned to D:6.
You shoot an arrow.
The arrow barely misses the water moccasin.
The water moccasin bites you.
You are poisoned.
The water moccasin poisons you! The gnoll misses you. x2
5549 ||| STAIRDANCE You feel very sick.
The water moccasin bites you. The gnoll barely misses you.
The gnoll misses you. The water moccasin barely misses you.
You climb upwards.
Level annotation: 1 runed translucent door, Crazy Yiuf You feel very sick.
There is a stone staircase leading down here.
You shoot an arrow. The arrow misses the water moccasin.
You feel sick. The water moccasin bites you. The gnoll misses you.
The gnoll barely misses you.
You shoot an arrow.
The arrow hits the water moccasin but does no damage.
You feel sick. The water moccasin bites you.
The gnoll hits you with a +0 club! x2
You die...

.##.####.##..#.##..##.........##.
.##................##.........##'
.##.####.#...#..#..##.........#..
...................#####'######..
..#..###.###.........###.# #.....
.........................# #.....
..#.####.###..........##.# #.....
.##.####.###..........##.###.....
###.............@S...............
#.#.####.####...gg...###.##......
..#......................##......
..........###.##+#######.##......
....#.......#..........#####.....
#.#.#......##..........# #.....
#.#.#......##..........# ###...
#.#.#......##..........# #...
#.#.#......##..........# #...


You could see a water moccasin and 2 gnolls.

Vanquished Creatures
  Duvessa (D:4)
  An ice beast (D:5)
  2 ogres
  2 phantoms (D:5)
  A scorpion (D:4)
  Dowan (D:4)
  2 howler monkeys (D:5)
  A hound (D:5)
  A jelly (D:4)
  2 iguanas
  Ijyb (D:5)
  8 adders
  An ufetubus (D:5)
  2 worms
  A dart slug (D:5)
  3 orcs (D:4)
  5 ball pythons
  6 bats
  5 endoplasms
  2 giant cockroaches
  4 goblins
  7 hobgoblins
  6 jackals
  6 kobolds
  A quokka (D:3)
  2 frilled lizards
  3 rats
77 creatures vanquished.

Notes
Turn   | Place    | Note
-------+----------+-------------------------------------------
     0 | D:1      | qw the Deep Elf Hunter began the quest for the Orb.
     0 | D:1      | Reached XP level 1. HP: 12/12 MP: 3/3
     0 | D:1      | 0 ||| qw: Version: 0.3-a-9-g12657ce
     0 | D:1      | 0 ||| qw: Game counter: 3032
     0 | D:1      | 0 ||| qw: Always use a shield: true
     0 | D:1      | 0 ||| qw: God list: Okawaru
     0 | D:1      | 0 ||| qw: Allow faded altars: false
     0 | D:1      | 0 ||| qw: Do Orc after D:15 true
     0 | D:1      | 0 ||| qw: Do second Lair branch before Depths: true
     0 | D:1      | 0 ||| qw: Lair rune preference: random
     0 | D:1      | 0 ||| qw: Plans: Normal
     0 | D:1      | 0 ||| PLANNING D:1-11
   152 | D:1      | Reached XP level 2. HP: 16/16 MP: 4/4
   252 | D:1      | Reached skill level 6 in Ranged Weapons
   707 | D:1      | 707 ||| UPGRADING to +0 ring mail.
   717 | D:1      | 717 ||| DROPPING +0 leather armour.
   718 | D:1      | 718 ||| READING 2 scrolls labelled IBOUS MOZUIHA.
   719 | D:1      | 719 ||| READING scroll labelled KOYPESITRU.
   720 | D:1      | 720 ||| DRINKING 2 golden potions.
   825 | D:1      | 825 ||| DROPPING scroll of butterflies.
   826 | D:1      | 826 ||| DROPPING potion of berserk rage.
   970 | D:2      | Reached XP level 3. HP: 18/20 MP: 5/5
  1013 | D:2      | Found a radiant altar of Vehumet.
  1163 | D:2      | Reached skill level 7 in Ranged Weapons
  1232 | D:2      | Found a faded altar of an unknown god.
  1571 | D:2      | 1571 ||| DROPPING ring of flight.
  1572 | D:2      | 1572 ||| READING scroll labelled PATETODOQIY.
  1573 | D:2      | 1573 ||| READING scroll labelled ZUDDUO HOM SOI.
  1574 | D:2      | 1574 ||| READING scroll labelled ETHROUBIARI.
  1575 | D:2      | 1575 ||| DRINKING 2 cyan potions.
  1664 | D:3      | Identified the +1 mace of Aggusm {elec, rC+ rN+ Will+
                  | Int+3}
  1675 | D:3      | Reached XP level 4. HP: 25/25 MP: 6/6
  1704 | D:3      | You fall into a shaft and drop 2 floors!
  1704 | D:5      | Entered Level 5 of the Dungeon
  1732 | D:5      | 1732 ||| SWAPPING to +0 longbow.
  1733 | D:5      | 1733 ||| DROPPING +1 shortbow.
  1734 | D:5      | 1734 ||| READING scroll of enchant weapon.
  1734 | D:5      | 1734 ||| ENCHANTING +0 longbow.
  1740 | D:5      | Reached skill level 8 in Ranged Weapons
  1784 | D:5      | Noticed a phantom
  1789 | D:5      | Killed a phantom
  1790 | D:5      | Reached XP level 5. HP: 29/29 MP: 7/7
  1813 | D:4      | Reached skill level 9 in Ranged Weapons
  1833 | D:4      | Noticed Duvessa
  1835 | D:4      | Noticed Dowan
  1836 | D:4      | Killed Duvessa
  1837 | D:4      | Reached XP level 6. HP: 36/36 MP: 8/8
  1840 | D:4      | Killed Dowan
  2097 | D:4      | Found a staircase to the Ecumenical Temple.
  2098 | D:4      | 2098 ||| PLANNING TEMPLE
  2098 | D:4      | 2098 ||| READING scroll labelled LACLUM ANUWONE.
  2102 | D:4      | 2102 ||| READING 2 scrolls of identify.
  2102 | D:4      | 2102 ||| IDENTIFYING glowing black potion
  2135 | Temple   | Entered the Ecumenical Temple
  2446 | Temple   | 2446 ||| PLANNING D:1-11
  2462 | D:4      | Reached skill level 10 in Ranged Weapons
  2525 | D:4      | Found a runed translucent gate.
  2525 | D:4      | Found a runed translucent gate.
  2526 | D:4      | Found a runed translucent gate.
  2530 | D:4      | Noticed qw's ghost (novice DEHu)
  2626 | D:4      | Reached skill level 3 in Dodging
  2700 | D:4      | 2700 ||| DRINKING 2 sedimented puce potions.
  2701 | D:4      | 2701 ||| DROPPING potion of brilliance.
  2707 | D:4      | Found a shimmering altar of Xom.
  2822 | D:3      | Reached XP level 7. HP: 40/40 MP: 9/9
  3345 | D:3      | 3345 ||| READING 3 scrolls labelled SEOXYD HAFAMIW.
  3346 | D:3      | 3346 ||| READING 2 scrolls of brand weapon.
  3346 | D:3      | 3346 ||| BRANDING +1 longbow of flaming.
  3347 | D:3      | 3347 ||| READING scroll of brand weapon.
  3347 | D:3      | 3347 ||| BRANDING +1 longbow of freezing.
  3348 | D:3      | 3348 ||| READING 2 scrolls of identify.
  3348 | D:3      | 3348 ||| IDENTIFYING sapphire potion
  3907 | D:5      | Noticed Ijyb
  3908 | D:5      | Reached skill level 11 in Ranged Weapons
  3917 | D:5      | HP: 9/40 [phantom (3)]
  3918 | D:5      | 3918 ||| DRINKING 2 potions of heal wounds.
  3923 | D:5      | Killed Ijyb
  4303 | D:5      | Reached skill level 12 in Ranged Weapons
  4396 | D:5      | Found a runed translucent door.
  4397 | D:5      | Noticed Crazy Yiuf
  5549 | D:6      | 5549 ||| STAIRDANCE
  5552 | D:5      | HP: 8/40 [gnoll/+0 club (7)]
  5552 | D:5      | Slain by a gnoll

Levels and vault maps discovered:
D:1:      onia_arrival_mini_maze, layout_loops_ring
D:2:      layout_loops_ring, basic_altar, chequers_ecumenical_altar_twisty
D:3:      layout_basic
D:4:      layout_basic, xom_butterflies, minmay_temple_entry_nine_rooms,
          ebering_ghost_rock_garden, uniq_duvessa
D:5:      layout_basic, minmay_misc_feat_square, uniq_ijyb,
          uniq_crazy_yiuf_cottage
D:6:      kennysheep_housing_project, layout_layer_cave, grunt_ministairs_7,
          uniq_prince_ribbit1
Temple:   compressed_dpeg_triangle_lava_temple

Skill      XL: |  1  2  3  4  5  6  7 |
---------------+----------------------+-----
Ranged Weapons | 6 7 8 9 10 12 | 12.1
Fighting       | 2 |  2.8
Dodging        | 3 |  3.0
Armour         | |  0.6
Stealth        | |  1.2

Action                     |  1- 3 |  4- 6 |  7- 9 || total
---------------------------+-------+-------+-------++-------
   Fire: Shortbow          |    95 |     1 |       ||    96
         Longbow           |       |    71 |    52 ||   123
    Use: Scroll            |     5 |     3 |     4 ||    12
         Potion            |     2 |     1 |     1 ||     4
 Armour: Leather armour    |     3 |       |       ||     3
         Ring mail         |    21 |     5 |     9 ||    35
  Dodge: Dodged            |    31 |    15 |    22 ||    68

Table legend:
 A = Non-vault XP
 B = Vault XP
 C = Vault XP percentage of total XP
 D = Non-vault monster count
 E = Vault monster count
 F = Vault count percentage of total count
                 A         B        C        D         E       F
            +---------+---------+-------+---------+---------+-------
      Total |    1120 |     244 |  17.9 |      73 |       4 |   5.2
            +---------+---------+-------+---------+---------+-------
        D:1 |      27 |       1 |   3.6 |      15 |       1 |   6.2
        D:2 |      59 |       0 |   0.0 |      14 |       0 |   0.0
        D:3 |     143 |       0 |   0.0 |       9 |       0 |   0.0
        D:4 |     227 |     207 |  47.7 |      23 |       2 |   8.0
        D:5 |     664 |      36 |   5.1 |      12 |       1 |   7.7
            +---------+---------+-------+---------+---------+-------
